 Dungeon Crawl Stone Soup version 0.28-a0-1233-g92def6a (webtiles) character file.

Game seed: 4397435890836454645

179 Remcycle the Chopper (level 5, -7/41 HPs)
             Began as a Formicid Fighter on Dec 23, 2021.
             Killed from afar by a white imp (10 damage)
             ... with a puff of frost
             ... on level 6 of the Dungeon.
             The game lasted 00:07:36 (2864 turns).

Remcycle the Chopper (Formicid Fighter)             Turns: 2864, Time: 00:07:36

Health: -7/41      AC:  6    Str: 23    XL:     5   Next: 90%
Magic:  5/5        EV:  9    Int:  7    God:
Gold:   172        SH:  4    Dex: 10    Spells: 4/4 levels left

rFire   . . .      SeeInvis +   a - +1 war axe
rCold   . . .      Faith    .   c - +0 buckler
rNeg    + . .      Spirit   .   b - +0 scale mail
rPois   .          Reflect  .   (helmet unavailable)
rElec   .          Harm     .   (no cloak)
rCorr   .          Rampage  .   (no gloves)
Will    .....                   (no boots)
Stlth   ..........              (no amulet)
HPRegen 0.13/turn               k - ring of positive energy
MPRegen 0.09/turn               (no ring)

@: no status effects
A: permanent stasis, dig shafts and tunnels, antennae 3, four strong arms
a: Dig, Shaft Self


You were on level 6 of the Dungeon.
You visited 1 branch of the dungeon, and saw 4 of its levels.

You collected 172 gold pieces.

Inventory:

Hand Weapons
 a - a +1 war axe (weapon)
Missiles
 p - 2 throwing nets
Armour
 b - a +0 scale mail (worn)
 c - a +0 buckler (worn)
 f - a +0 pair of gloves
Jewellery
 g - a ring of wizardry
 k - a ring of positive energy (left hand)
 o - a ring of ice
Wands
 n - a wand of polymorph (5)
Scrolls
 d - a scroll of vulnerability {unknown}
 e - 3 scrolls of teleportation
Potions
 h - 2 potions of curing
 i - a potion of mutation {unknown}
 l - a potion of brilliance {unknown}
 q - a potion of degeneration {unknown}


   Skills:
 - Level 3.2 Fighting
 + Level 5.6 Axes
 - Level 3.2 Armour
 - Level 3.6 Shields


You had 4 spell levels left.
You didn't know any spells.
Your spell library was empty.

Dungeon Overview and Level Annotations

Branches:
Dungeon (3/15)

Altars:
Hepliaklqana

Annotations:
D:2 1 runed translucent door, Crazy Yiuf


Innate Abilities, Weirdness & Mutations

You cannot be hasted, slowed, berserked, paralysed or teleported.
You can dig through walls and to a lower floor.
You have a pair of large antennae on your head. (SInv)
Your four strong arms can wield two-handed weapons with a shield.


Message History

Found a hand axe.
Found a stone staircase leading up and a stone staircase leading down.
A sourceless malevolence fills the Dungeon...
You fall into a shaft and drop 3 floors!
The shaft crumbles and collapses.
Found a scroll labelled NONEZORCHUPP.
You start resting.
You feel a little less mighty now.
You start resting.
HP restored.
You sense a monster nearby.
d - a scroll labelled NONEZORCHUPP
i - a golden potion A centaur and a white imp come into view.
Found 16 gold pieces and a scroll of identify.
Found an escape hatch in the ceiling.
The white imp shouts, "Away with thee, thou errant elf-skinned yak-dropping!"
The centaur shouts!
The centaur wields a +0 shortbow.
The centaur shoots an arrow.
The arrow hits you!
The centaur shoots an arrow.
You block the arrow.
The centaur shoots an arrow.
The arrow hits you!
The white imp shouts, "Scamper away, thou horrid hell-hated swadder!"
You block the white imp's attack.
The centaur shoots an arrow.
The arrow hits you. The white imp gestures at you.
The puff of frost misses you.
The centaur shoots an arrow.
The arrow closely misses you.
The centaur shoots an arrow.
The arrow hits you. The white imp gestures at you. You block the puff of frost.
The white imp gestures at you. The puff of frost hits you.
The centaur shoots an arrow.
The arrow hits you.
* * * LOW HITPOINT WARNING * * *
There is an escape hatch in the ceiling here.
The centaur shoots an arrow.
The arrow hits you.
* * * LOW HITPOINT WARNING * * *
The white imp gestures at you. The puff of frost hits you!
You die...

### #.### ...
...#. #.. ....
#.# #..# # #.#
#..# #.#
#..####.####(.#
#.#
#..?.....$....##
#.# #..@....c..#
#.#
##....5##...#
#.##
..............#
#..
####.....###..#
#.#
#......c...###.#
#.....##.#.....#
#.....##.......#
########.##.####
#.##.#


You could see a centaur and a white imp.

Vanquished Creatures
  Jessica (D:2)
  Natasha (thrice) (D:2)
  Robin (D:3)
  A dart slug (D:3)
  2 orcs (D:3)
  3 ball pythons
  4 endoplasms
  3 giant cockroaches
  11 goblins
  10 hobgoblins
  3 jackals (D:2)
  3 quokkas
  A bat (D:1)
  4 frilled lizards
  3 kobolds
  7 rats
60 creatures vanquished.

Vanquished Creatures (others)
  2 fungi (D:2)
  4 toadstools (D:1)
6 creatures vanquished.

Grand Total: 66 creatures vanquished

Notes
Turn   | Place    | Note
-------+----------+-------------------------------------------
     0 | D:1      | Remcycle the Formicid Fighter began the quest for the Orb.
     0 | D:1      | Reached XP level 1. HP: 18/18 MP: 1/1
   378 | D:1      | Reached XP level 2. HP: 24/24 MP: 2/2
   687 | D:1      | Reached skill level 3 in Axes
   691 | D:1      | Reached XP level 3. HP: 26/29 MP: 3/3
  1393 | D:2      | Found a hazy altar of Hepliaklqana.
  1580 | D:2      | Noticed Natasha
  1587 | D:2      | Killed Natasha
  1588 | D:2      | Reached skill level 4 in Axes
  1588 | D:2      | Reached XP level 4. HP: 35/35 MP: 4/4
  1603 | D:2      | Noticed Jessica
  1607 | D:2      | Killed Jessica
  2025 | D:2      | Noticed Natasha
  2041 | D:2      | Killed Natasha
  2042 | D:2      | Reached skill level 5 in Axes
  2042 | D:2      | Reached XP level 5. HP: 34/41 MP: 5/5
  2177 | D:2      | Noticed Natasha
  2187 | D:2      | Killed Natasha
  2333 | D:2      | Found a runed translucent door.
  2334 | D:2      | Noticed Crazy Yiuf
  2538 | D:3      | Noticed Robin
  2561 | D:3      | Killed Robin
  2618 | D:3      | You fall into a shaft and drop 3 floors!
  2852 | D:6      | Noticed a centaur
  2864 | D:6      | Killed from afar by a white imp

Illustrated notes

Levels and vault maps discovered:
D:1:      ldierk_walled_garden_2, layout_basic, minmay_tromino_i4
D:2:      layout_loops_ring, basic_altar, uniq_jessica, uniq_crazy_yiuf_cottage,
          uniq_natasha
D:3:      layout_rooms, gup_sewer_entry_spiral, minivault_26, uniq_robin
D:6:      layout_loops_ring, lemuel_round_altar,
          mainiacjoe_overflow_catch_the_wave, minmay_temple_entry_fiery,
          serial_shops, nicolae_shop_temple_entry_statues_fountains

Skill      XL: |  1  2  3  4 |
---------------+-------------+-----
Axes           | 3 4 5 |  5.6
Fighting       | |  3.2
Armour         | |  3.2
Shields        | |  3.6

Action                   |  1- 3 |  4- 6 || total
-------------------------+-------+-------++-------
Melee: War axe           |    69 |    68 ||   137
  Use: Scroll            |       |     5 ||     5
       Potion            |       |     2 ||     2
Armor: Scale mail        |    33 |    28 ||    61
Dodge: Dodged            |    26 |    29 ||    55
Block: Buckler           |    12 |    17 ||    29

Table legend: (Time is in decaauts)
 A = Elapsed time spent in this place.
 B = Non-inter-level travel time spent in this place.
 C = Inter-level travel time spent in this place.
 D = Time resting spent in this place.
 E = Time spent auto-exploring this place.
 F = Levels seen in this place.
 G = Mean time per level.
                   A        B        C        D        E       F      G
               +--------+--------+--------+--------+--------+-----+--------+
         Total |   2903 |   2843 |     60 |    246 |   2051 |   4 |  725.8 |
       Dungeon |   2903 |   2843 |     60 |    246 |   2051 |   4 |  725.8 |
               +--------+--------+--------+--------+--------+-----+--------+

Top non-repeatable levels by time:
     D:1: 1408 daAuts
     D:2: 983 daAuts
     D:3: 266 daAuts
     D:6: 245 daAuts
